 Dungeon Crawl Stone Soup version 0.15.2 (webtiles) character file.

12 theanonym the Slasher (level 2, 0/19 HPs)
             Began as a High Elf Death Knight on Dec 6, 2018.
             Was a Follower of Yredelemnul.
             Slain by a gnoll
             ... wielding a +0 halberd
              (9 damage)
             ... on Level 1 of the Dungeon.
             The game lasted 00:00:53 (789 turns).

theanonym the Slasher (High Elf Death Knight)        Turns: 789, Time: 00:00:53

HP   0/19        AC  9     Str 12      XL: 2   Next: 20%
MP   4/4         EV  5     Int 14      God: Yredelemnul [*.....]
Gold 39          SH  0     Dex 14      Spells:  0 memorised,  1 level left

rFire  . . .     SeeInvis .     a - +1 falchion
rCold  . . .     Clarity  .     d - +0 chain mail
rNeg   . . .     rCorr    .     (no shield)
rPois  .         rRot     .     (no helmet)
rElec  .         Spirit   .     (no cloak)
SustAb .         Warding  .     i - +0 pair of gloves
rMut   .         Stasis   .     (no boots)
Gourm  .                        (no amulet)
MR     .....                    (no ring)
                                (no ring)

@: drained, not resistant to hostile enchantments, extremely unstealthy
A: no striking features
a: Animate Remains, Renounce Religion


   Skills:
 - Level 2.0(1.4) Fighting
 + Level 3.5(2.9) Long Blades
 - Level 0.8(0.3) Armour
 - Level 1.1(0.5) Dodging
 - Level 3.0(2.4) Invocations


You had one spell level left.
You didn't know any spells.

Action                   || total
-------------------------++-------
Melee: Falchion          ||    20
Invok: Animate Remains   ||     4

Inventory:

Hand weapons
 a - a +1 falchion (weapon)
Armour
 b - a +0 leather armour
 d - a +0 chain mail (worn)
   (You found it on level 1 of the Dungeon)
 i - a +0 pair of gloves (worn)
   (You found it on level 1 of the Dungeon)
Comestibles
 c - a bread ration
Scrolls
 e - a scroll of enchant weapon {unknown}
 f - 2 scrolls of remove curse {unknown}
Potions
 g - a potion of curing {unknown}
 h - a potion of restore abilities {unknown}


You were on level 1 of the Dungeon.
You worshipped Yredelemnul.
Yredelemnul was aware of your devotion.
You were not hungry.

You visited 1 branch of the dungeon, and saw 1 of its levels.

You collected 39 gold pieces.

Dungeon Overview and Level Annotations

Branches:
Dungeon (1/15)

Altars:

#.................[..###
#.................>.....
#.................Z..###
#.....(.................
#....................Z..
#.#...#ZZ..#....######..
#.#####g...#....# #..#
#.##....##....#######.Z.
#.#....@..............Z.
#.##.....#....###.....Z#
#.###......#............ #.#
##....##..#.#......#
#.###.................##
#.#...........####......
#.............# ##.....
######.............# #..###
#...#..##..........#####..##.


You could see a gnoll, a friendly rat zombie and a friendly kobold zombie.

Notes
Turn   | Place    | Note
--------------------------------------------------------------
     0 | D:1      | theanonym, the High Elf Death Knight, began the quest for the Orb.
     0 | D:1      | Reached XP level 1. HP: 14/14 MP: 3/3
   117 | D:1      | Reached skill level 3 in Long Blades
   332 | D:1      | HP: 7/14 [poisoned by a kobold]
   342 | D:1      | Reached XP level 2. HP: 9/19 MP: 4/4
   780 | D:1      | HP: 9/19 [gnoll/halberd (10)]
   789 | D:1      | Slain by a gnoll

Vanquished Creatures
  A bat (D:1)
  A giant cockroach (D:1)
  A goblin (D:1)
  4 kobolds (D:1)
  2 rats (D:1)
9 creatures vanquished.

Vanquished Creatures (collateral kills)
  A bat (D:1)
  A giant cockroach (D:1)
2 creatures vanquished.

Vanquished Creatures (others)
  A bat zombie (D:1)
  A kobold zombie (D:1)
2 creatures vanquished.

Grand Total: 13 creatures vanquished

Table legend:
 A = Turns spent in this place as a percentage of turns spent in the entire game.
 B = Non-inter-level travel turns spent in this place as a percentage of non-inter-level travel turns spent in the entire game.
 C = Inter-level travel turns spent in this place as a percentage of turns spent in this place.
 D = Turns resting spent in this place as a percentage of non-inter-level travel turns spent in this place.
 E = Turns spent auto-exploring this place as a percentage of non-inter-level travel turns spent in this place.
 F = Non-inter-level travel turns spent in this place divided by the number of levels of this place that you've seen.
                   A       B       C       D       E      F
               +-------+-------+-------+-------+-------+----------------------
         Total | 100.0 | 100.0 |   0.7 |   4.6 |  18.4 | 152.0
       Dungeon | 100.0 | 100.0 |   0.7 |   4.6 |  18.4 | 152.0
               +-------+-------+-------+-------+-------+----------------------
